AoeStats
← 种田低手

Black Forest

510549209Analyzed
4v4 RM · 24h ago on Oct 1, 2026· 22m 51s· 8 players
Game mode
Random Map
Map size
Large (8 player)
Population
200
Speed
Normal
Resources
Standard
Victory
Conquest
Starting age
Dark Age
Ending age
Imperial Age
RankedLock teamsTeams togetherTeam positionsShared explorationLock speedFull tech treeHidden civsTurbo modeCheats
Victory
Defeat
🇨🇳 Spanish · China
1074
+16
🇮🇩 Chinese · Indonesia
1072
+16
🇧🇷 Franks · Brazil
1064
+16
🇮🇩 Franks · Indonesia
922
+22
🇹🇷 Saracens · Türkiye
1075
-18
🇫🇷 Persians · France
1072
-18
🇦🇺 Turks · Australia
1063
-17
🇬🇧 Ethiopians · United Kingdom
1055
-17
CoskunKaya
0:27 Loom
15:35 Feudal Age
16:30 Double-Bit Axe
18:23 Wheelbarrow
17:46 Fletching
20:01 Fishing Lines
20:37 Horse Collar
20:50 Gold Mining
Mithranqueer
6:29 Loom
14:39 Feudal Age
17:04 Double-Bit Axe
20:32 Castle Age
20:56 Horse Collar
22:28 Bow Saw
Slayer30
1:31 Loom
12:45 Feudal Age
17:31 Castle Age
17:46 Wheelbarrow
17:05 Double-Bit Axe
18:21 Bow Saw
21:45 Hand Cart
21:43 Fletching
chromies
11:59 Feudal Age
12:32 Horse Collar
12:52 Double-Bit Axe
15:47 Wheelbarrow
18:26 Castle Age
种田低手
2:27 Loom
11:29 Feudal Age
14:58 Castle Age
13:16 Double-Bit Axe
13:39 Horse Collar
mAjiCode
0:30 Loom
19:45 Feudal Age
20:49 Double-Bit Axe
种田美眉
4:44 Loom
11:35 Feudal Age
15:21 Castle Age
13:35 Double-Bit Axe
17:25 Bow Saw
Picnic
13:35 Feudal Age
15:56 Double-Bit Axe
18:59 Forging
18:55 Scale Barding Armor
Connection lost

Rejoining the realm…

Still unreachable

The connection could not be restored.

Session expired

The server has moved on; the page needs a fresh start.